 Dungeon Crawl Stone Soup version 0.27-a0-406-g23f261fbd2 (webtiles) character file.

Game seed: 6841952669381007362

189 kae the Chopper (level 5, -8/47 HPs)
             Began as a Hill Orc Fighter on Feb 22, 2021.
             Mangled by an ogre
             ... wielding a +0 giant club
              (23 damage)
             ... on level 4 of the Dungeon.
             The game lasted 00:02:22 (3694 turns).

kae the Chopper (Hill Orc Fighter)                  Turns: 3694, Time: 00:02:22

Health: -8/47      AC:  7    Str: 20    XL:     5   Next: 68%
Magic:  5/5        EV:  8    Int:  8    God:
Gold:   186        SH:  9    Dex: 10    Spells: 4/4 levels left

rFire    . . .     SeeInvis .   a - +1 war axe
rCold    . . .     Faith    .   c - +0 kite shield
rNeg     . . .     Spirit   .   b - +0 scale mail
rPois    .         Reflect  .   (no helmet)
rElec    .         Harm     .   (no cloak)
rCorr    .         Rampage  .   (no gloves)
Will     .....                  (no boots)
Stlth    ..........             (no amulet)
HPRegen  0.15/turn              (no ring)
MPRegen  0.09/turn              (no ring)

@: no status effects
A: no striking features
a: no special abilities


You were on level 4 of the Dungeon.
You visited 1 branch of the dungeon, and saw 4 of its levels.

You collected 186 gold pieces.

Inventory:

Hand Weapons
 a - a +1 war axe (weapon)
Armour
 b - a +0 scale mail (worn)
 c - a +0 kite shield (worn)
Jewellery
 j - an amulet of faith
Scrolls
 e - 2 scrolls of fog
 i - 3 scrolls of identify
 l - a scroll of teleportation
Potions
 d - a potion of might
 f - 2 potions of resistance
 g - 3 potions of haste
 k - a potion of attraction
 m - a potion of flight


   Skills:
 + Level 4.6 Fighting
 * Level 5.2 Axes
 + Level 4.1 Armour
 + Level 1.6 Dodging
 - Level 3.2 Shields


You had 4 spell levels left.
You didn't know any spells.
Your spell library was empty.

Dungeon Overview and Level Annotations

Branches:
Dungeon (4/15)
 Temple: D:4-7

Altars:


Message History

There is a stone staircase leading down here.
Things that are here:
a +0 leather armour; a +0 scimitar
There is an escape hatch in the floor here.
You slide downwards.
The hatch slams shut behind you.
A frilled lizard comes into view.
You don't have any unidentified items.
The ogre shouts!
You slash the frilled lizard!
You kill the frilled lizard!
No target in view!
No target in view!
No target in view!
You completely miss the ogre. You block the ogre's attack.
You hit the ogre.
The ogre is lightly wounded.
The ogre hits you with a +0 giant club!
You slash the ogre!
The ogre is heavily wounded.
The ogre hits you with a +0 giant club!!
* * * LOW HITPOINT WARNING * * *
You hear a shout!
You are too injured to fight recklessly!
You are too injured to fight recklessly!
You are too injured to fight recklessly!
You are too injured to fight recklessly!
You are too injured to fight recklessly!
You are too injured to fight recklessly!
You are too injured to fight recklessly!
You slash the ogre!
The ogre is almost dead.
The ogre completely misses you.
You hit the ogre but do no damage.
The ogre is almost dead.
You block the ogre's attack.
Okay, then.
You hit the ogre.
The ogre is almost dead.
The ogre hits you with a +0 giant club!!
You die...

#####.................#
....#.# #........#
#.....##........#
#...#####.###
#.###..####.##
#............#
########O#...# #O# .#
#@# #.# ... ....#
.###.. ## ##. . .


You could see 2 ogres.

Vanquished Creatures
  An orc priest (D:3)
  3 gnolls (D:3)
  4 adders (D:2)
  An ooze (D:2)
  2 worms (D:2)
  2 leopard geckos
  4 orcs (D:3)
  12 bats
  4 giant cockroaches
  10 goblins
  5 hobgoblins
  7 jackals
  A quokka (D:3)
  A ball python (D:3)
  11 frilled lizards
  7 kobolds
  3 rats
78 creatures vanquished.

Vanquished Creatures (others)
  8 plants (D:3)
8 creatures vanquished.

Grand Total: 86 creatures vanquished

Notes
Turn   | Place    | Note
-------+----------+-------------------------------------------
     0 | D:1      | kae the Hill Orc Fighter began the quest for the Orb.
     0 | D:1      | Reached XP level 1. HP: 19/19 MP: 1/1
   160 | D:1      | Reached skill level 3 in Axes
   219 | D:1      | Reached XP level 2. HP: 27/27 MP: 2/2
   811 | D:2      | Reached XP level 3. HP: 32/33 MP: 3/3
  1160 | D:2      | Reached skill level 4 in Axes
  1160 | D:2      | Reached skill level 1 in Dodging
  1189 | D:2      | Reached XP level 4. HP: 40/40 MP: 4/4
  1974 | D:3      | Reached XP level 5. HP: 30/47 MP: 5/5
  2210 | D:3      | Reached skill level 5 in Axes
  3653 | D:4      | Noticed an ogre
  3653 | D:4      | Noticed an ogre
  3694 | D:4      | Mangled by an ogre

Illustrated notes

Levels and vault maps discovered:
D:1:      lightli_arrival_statuegarden, layout_rooms
D:2:      layout_loops_cross, st_stairs_4, chequers_garden,
          minmay_quadrilaterals
D:3:      minmay_evil_eye, layout_basic, serial_forest,
          infiniplex_forest_side_room, infiniplex_forest_lined_ring,
          infiniplex_forest_end_2, infiniplex_forest_end_2,
          infiniplex_forest_lined_3, infiniplex_forest_diagonal,
          infiniplex_forest_lined_3, infiniplex_forest_3_way
D:4:      layout_rooms, lemuel_zombie_altar_yredelemnul, bloody_makhleb,
          serial_shops, shop_fountains

Skill      XL: |  1  2  3  4  5 |
---------------+----------------+-----
Axes           | 3 4 5 |  5.2
Fighting       | 4 |  4.6
Dodging        | 1 |  1.6
Armour         | 4 |  4.1
Shields        | |  3.2

Action                   |  1- 3 |  4- 6 || total
-------------------------+-------+-------++-------
Melee: War axe           |    95 |   187 ||   282
  Use: Scroll            |     1 |    12 ||    13
Armor: Scale mail        |    44 |    87 ||   131
Dodge: Dodged            |    37 |    87 ||   124
Block: Kite shield       |    60 |   108 ||   168

Table legend: (Time is in decaauts)
 A = Elapsed time spent in this place.
 B = Non-inter-level travel time spent in this place.
 C = Inter-level travel time spent in this place.
 D = Time resting spent in this place.
 E = Time spent auto-exploring this place.
 F = Levels seen in this place.
 G = Mean time per level.
                   A        B        C        D        E       F      G
               +--------+--------+--------+--------+--------+-----+--------+
         Total |   3843 |   3733 |    110 |    606 |   2414 |   4 |  960.8 |
       Dungeon |   3843 |   3733 |    110 |    606 |   2414 |   4 |  960.8 |
               +--------+--------+--------+--------+--------+-----+--------+

Top non-repeatable levels by time:
     D:3: 1709 daAuts
     D:2: 1607 daAuts
     D:1: 493 daAuts
     D:4: 33 daAuts
